Map: Eastwatch LE

Players

Ziggy

  • Race: Terran Terran
  • Spawn Location: 7:00

LiquidTLO (TLO) - Winner!

  • Race: Zerg Zerg
  • Spawn Location: 1:00

Event: WCS Leipzig 2018

VOD

Have the link to the VOD?

Description

Time

  • Played on: Jan. 26, 2018, 9:54 a.m.
  • Length: 13:41

All games in this series

Show
View Real Time Build Order
Export as new Build Order

Ziggy Terran 

Build Orders: Gas First Reaper Expand, Reaper Expand, Mech 

Get SALT Encoding   

  12  0:00  SCV  
  13  0:12  SCV  
  14  0:17  Supply Depot  
  14  0:24  SCV  
  15  0:29  Refinery  
  15  0:39  SCV  
  16  0:44  Barracks  
  16  0:51  SCV  
  17  1:03  SCV  
  18  1:15  SCV  
  19  1:31  Orbital Command, Reaper  
  20  1:45  Command Center  
  20  1:57  SCV  
  20  2:01  Factory  
  21  2:07  Barracks Reactor  
  21  2:09  SCV  
  21  2:12  Supply Depot  
  22  2:21  SCV  
  23  2:23  Refinery  
  23  2:34  SCV  
  24  2:41  Supply Depot  
  23  2:45  Starport  
  23  2:46  SCV, Marine x2  
  23  2:51  Hellion  
  29  2:58  SCV  
  29  3:00  Orbital Command  
  29  3:08  Marine x2  
  29  3:11  SCV  
  32  3:13  Widow Mine  
  34  3:23  Supply Depot  
  34  3:25  Marine  
  34  3:26  Marine  
  36  3:27  SCV  
  36  3:28  SCV  
  36  3:34  Medivac  
  40  3:42  SCV  
  40  3:48  SCV  
  42  3:53  Hellion x2  
  42  3:55  SCV  
  45  3:58  Supply Depot  
  45  4:00  SCV, Liberator  
  45  4:01  Armory  
  46  4:09  SCV  
  47  4:14  Hellion x2  
  51  4:20  SCV  
  51  4:21  Supply Depot  
  54  4:28  SCV  
  55  4:32  SCV  
  55  4:35  Hellion x2  
  60  4:45  SCV x2  
  62  4:53  Command Center  
  62  4:57  SCV  
  62  4:58  Hellion x2  
  67  5:02  Supply Depot  
  70  5:08  SCV, Terran Vehicle Weapons Level 1  
  70  5:09  SCV  
  70  5:12  Refinery  
  70  5:13  Refinery  
  65  5:32  Hellion x2  
  54  5:43  SCV x2  
  54  5:44  Factory x2  
  54  5:45  Factory x2  
  56  5:52  Factory  
  56  5:55  SCV x2  
  56  5:56  Hellion x2  
  62  5:58  Hellion  
  62  6:07  SCV  
  63  6:12  SCV  
  63  6:17  Refinery x2  
  63  6:18  Hellion x2  
  68  6:19  SCV  
  68  6:25  SCV  
  70  6:29  Factory Tech Lab x4  
  70  6:32  SCV  
  71  6:36  Orbital Command  
  71  6:37  SCV  
  72  6:40  Factory Reactor  
  72  6:41  Hellion  
  72  6:44  SCV, Hellion  
  77  6:48  Siege Tank  
  77  6:49  SCV  
  81  6:54  Siege Tank  
  81  6:55  Siege Tank  
  81  6:59  SCV  
  81  7:01  SCV  
  89  7:02  Siege Tank  
  89  7:03  SCV  
  93  7:16  SCV x2  
  93  7:17  Hellion x2  
  93  7:22  Supply Depot  
  99  7:23  Supply Depot  
  101  7:30  Hellion  
  101  7:41  Terran Vehicle Weapons Level 2  
  101  7:44  Hellion, Siege Tank x2  
  109  7:45  SCV x2, Supply Depot, Siege Tank x2  
  117  8:06  SCV x2, Hellion x2  
  117  8:07  Supply Depot  
  117  8:11  Hellion  
  117  8:12  Hellion  
  127  8:13  Infernal Pre-Igniter  
  127  8:16  Siege Tank  
  127  8:19  Siege Tank  
  131  8:28  Siege Tank  
  131  8:29  Siege Tank  
  131  8:31  Hellion  
  129  8:37  Starport Reactor  
  129  8:39  Hellion x2  
  133  8:44  Hellion  
  133  8:48  Siege Tank  
  138  8:52  Siege Tank  
  141  8:56  Hellion  
  141  9:00  Supply Depot  
  141  9:01  Supply Depot x2  
  139  9:06  Hellion  
  141  9:15  Viking  
  141  9:20  Viking, Engineering Bay  
  141  9:22  Siege Tank x3  
  141  9:24  Siege Tank  
  153  9:29  Hellion  
  145  9:32  Hellion  
  147  9:43  Hellion x2  
  151  9:50  Hellion  
  151  9:52  Viking x2  
  151  9:54  Hellion, Siege Tank x2  
  157  10:10  Siege Tank x2  
  163  10:15  Supply Depot  
  163  10:16  Command Center  
  163  10:20  Terran Vehicle Weapons Level 3  
  163  10:25  Viking  
  157  10:37  Viking  
  157  10:38  Hellion x2  
  163  10:47  Siege Tank x2  
  169  10:55  Viking  
  169  11:02  Hellion x3  
  153  11:06  Hellion x3  
  114  11:19  Hellion  
  114  11:20  Hellion  
  114  11:23  Hellion  
  111  11:27  Siege Tank  
  111  11:28  Hellion  
  111  11:29  Hellion x3  
  122  11:41  Hellion, Siege Tank  
  122  11:45  Hellion  
  129  11:50  Hellion, Siege Tank  
  129  11:51  Hellion x2  
  138  11:59  Siege Tank  
  141  12:02  Siege Tank  
  141  12:03  Viking x2  
  150  12:08  Hellion  
  150  12:13  Siege Tank  
  150  12:14  Hellion x2  
  157  12:23  Siege Tank  
  157  12:27  Orbital Command  
  160  12:31  Siege Tank  
  160  12:36  Siege Tank  
  158  12:45  Siege Tank  
  158  12:46  Viking  
  158  12:47  Viking  
  142  12:55  Siege Tank  
  142  12:57  Hellion x2  
  134  13:03  Siege Tank  
  134  13:04  Hellion  
Show
View Real Time Build Order
Export as new Build Order

LiquidTLO Zerg - Winner!

Build Orders: Hatch First 

Get SALT Encoding   

  12  0:00  Drone  
  13  0:12  Overlord  
  13  0:17  Drone  
  14  0:31  Drone x2  
  16  0:48  Hatchery  
  15  0:51  Drone  
  15  0:56  Drone  
  17  1:09  Spawning Pool  
  16  1:12  Drone  
  16  1:16  Extractor  
  16  1:18  Drone  
  17  1:21  Drone  
  18  1:29  Drone  
  19  1:38  Overlord  
  19  1:52  Drone  
  20  1:59  Queen  
  20  2:00  Zergling x2  
  23  2:01  Queen  
  23  2:02  Drone  
  26  2:12  Drone x2  
  28  2:16  Metabolic Boost  
  28  2:28  Drone  
  29  2:30  Drone  
  29  2:33  Drone  
  29  2:35  Queen  
  29  2:36  Drone  
  34  2:51  Hatchery  
  33  2:53  Overlord  
  33  2:59  Drone x2  
  33  3:01  Drone  
  36  3:06  Overlord  
  36  3:14  Drone x4  
  36  3:19  Queen  
  42  3:23  Overlord  
  42  3:26  Drone  
  43  3:29  Drone  
  43  3:31  Drone  
  43  3:32  Drone  
  46  3:37  Baneling Nest  
  46  3:39  Zergling x2  
  46  3:42  Drone  
  46  3:43  Drone  
  46  3:44  Drone  
  46  3:46  Overlord  
  49  3:51  Overlord  
  49  3:52  Zergling x2  
  49  3:57  Zergling x2  
  49  4:00  Spore Crawler  
  49  4:04  Queen  
  49  4:06  Zergling x2  
  52  4:10  Zergling x2  
  52  4:11  Zergling x2  
  52  4:14  Drone  
  52  4:16  Overlord  
  55  4:18  Overlord  
  55  4:24  Drone  
  55  4:29  Spore Crawler  
  55  4:30  Spore Crawler  
  54  4:33  Drone, Evolution Chamber  
  54  4:35  Evolution Chamber  
  54  4:36  Drone, Evolution Chamber  
  54  4:37  Drone  
  54  4:38  Drone x2  
  57  4:40  Drone  
  57  4:41  Drone  
  57  4:42  Overlord  
  57  4:44  Drone  
  60  4:46  Drone, Baneling  
  60  4:47  Baneling x2  
  60  4:49  Extractor  
  60  4:53  Drone  
  60  4:56  Zergling x2  
  60  4:59  Drone  
  63  5:01  Drone x2  
  63  5:02  Drone x3  
  63  5:03  Drone  
  63  5:04  Drone  
  70  5:08  Baneling x6  
  70  5:11  Baneling  
  70  5:15  Drone x2  
  70  5:16  Drone  
  70  5:19  Drone  
  70  5:20  Overlord  
  74  5:22  Drone  
  74  5:25  Drone  
  74  5:28  Drone  
  75  5:31  Overlord  
  75  5:35  Drone  
  73  5:40  Drone x6  
  73  5:42  Lair  
  75  5:44  Extractor  
  75  5:47  Baneling, Extractor x2  
  75  5:48  Baneling, Zergling x2, Extractor  
  75  5:49  Zergling x2  
  73  5:52  Queen  
  73  5:54  Drone  
  76  5:59  Zergling x4  
  76  6:00  Roach Warren  
  76  6:01  Zergling x2  
  78  6:06  Zerg Ground Armor Level 1  
  78  6:08  Drone  
  78  6:10  Drone  
  80  6:14  Drone  
  80  6:17  Spore Crawler  
  80  6:18  Zerg Missile Weapons Level 1  
  80  6:19  Drone  
  80  6:20  Evolution Chamber  
  80  6:21  Drone  
  80  6:22  Drone  
  80  6:25  Drone x2  
  84  6:30  Drone, Hatchery  
  84  6:31  Baneling x2, Drone  
  84  6:32  Drone  
  86  6:34  Zergling x4  
  86  6:38  Drone  
  86  6:39  Zergling x2  
  89  6:42  Overseer  
  89  6:44  Hydralisk Den  
  88  6:48  Zergling x2  
  89  6:55  Zerg Melee Weapons Level 1, Overlord  
  89  6:56  Roach x2  
  89  6:57  Roach  
  89  6:58  Drone  
  89  6:59  Drone  
  89  7:00  Drone x2  
  99  7:06  Overlord  
  99  7:09  Overlord  
  99  7:11  Spore Crawler  
  99  7:14  Pneumatized Carapace  
  99  7:15  Roach  
  100  7:16  Overlord  
  100  7:17  Overlord  
  100  7:18  Drone  
  100  7:20  Drone, Hydralisk x2  
  100  7:21  Muscular Augments  
  100  7:22  Drone  
  107  7:26  Queen  
  107  7:27  Overlord  
  109  7:30  Hydralisk x2  
  109  7:33  Overlord  
  109  7:35  Hydralisk  
  109  7:36  Hydralisk  
  115  7:38  Hydralisk  
  115  7:40  Hydralisk  
  115  7:41  Hydralisk  
  123  7:46  Hydralisk  
  123  7:48  Drone x2  
  123  7:51  Hydralisk  
  127  7:54  Spine Crawler, Spore Crawler  
  127  7:58  Hydralisk x2  
  121  8:00  Drone x2  
  121  8:04  Extractor, Infestation Pit  
  124  8:05  Extractor  
  124  8:07  Drone  
  124  8:08  Roach x2  
  124  8:10  Zergling x2  
  124  8:12  Zergling x2  
  128  8:16  Drone  
  129  8:20  Zergling x2  
  129  8:23  Drone  
  129  8:28  Zergling x2  
  129  8:31  Drone  
  131  8:35  Overlord  
  131  8:40  Hive  
  131  8:41  Zerg Ground Armor Level 2  
  131  8:42  Zerg Missile Weapons Level 2  
  131  8:44  Drone x2, Spire  
  130  8:50  Hatchery  
  130  8:52  Zergling x2  
  129  8:59  Zergling x2  
  129  9:04  Queen  
  128  9:12  Drone x2  
  128  9:20  Spine Crawler, Zergling x4, Spore Crawler  
  128  9:21  Zergling x2, Evolution Chamber x2  
  128  9:22  Spine Crawler  
  128  9:23  Zergling x4  
  128  9:24  Zergling x4  
  127  9:25  Zergling x4  
  127  9:26  Zergling x2  
  127  9:28  Zergling x2  
  127  9:29  Zergling x2  
  129  9:33  Queen  
  131  9:43  Drone  
  131  9:50  Drone  
  131  9:51  Drone  
  131  9:56  Greater Spire  
  131  9:57  Ravager x4  
  131  9:58  Viper x4  
  147  10:01  Hydralisk x8  
  147  10:03  Hydralisk  
  147  10:04  Hydralisk  
  147  10:05  Hydralisk x2, Evolution Chamber  
  165  10:07  Evolution Chamber  
  165  10:09  Hatchery, Hydralisk x3  
  169  10:19  Corruptor x2  
  169  10:20  Drone  
  174  10:21  Zergling x2  
  174  10:22  Zergling x4  
  174  10:23  Zergling x4  
  174  10:26  Zergling x2  
  174  10:28  Zergling x4  
  179  10:33  Hydralisk x3  
  180  10:36  Overlord  
  180  10:37  Hydralisk x2, Overlord  
  175  10:46  Overlord  
  175  10:48  Overlord  
  175  10:49  Overlord  
  171  10:54  Zergling x2  
  168  11:04  Roach  
  157  11:06  Drone  
  157  11:07  Drone  
  157  11:08  Drone, Hydralisk  
  157  11:10  Brood Lord  
  150  11:13  Drone  
  150  11:14  Drone  
  150  11:17  Zergling x2  
  150  11:18  Corruptor  
  144  11:20  Drone x2  
  148  11:26  Drone  
  148  11:28  Drone  
  148  11:32  Drone  
  151  11:33  Drone  
  152  11:40  Zerg Flyer Armor Level 1  
  152  11:41  Corruptor  
  152  11:46  Spine Crawler x2  
  152  11:48  Drone x2  
  152  11:50  Drone  
  152  11:52  Corruptor  
  153  11:55  Corruptor  
  153  12:00  Drone  
  155  12:04  Corruptor x3  
  155  12:08  Drone  
  162  12:11  Drone, Spine Crawler  
  162  12:12  Spore Crawler  
  162  12:15  Drone  
  162  12:16  Drone  
  162  12:18  Drone  
  164  12:29  Corruptor x2, Brood Lord x3  
  172  12:34  Overlord  
  172  12:35  Extractor  
  172  12:36  Extractor  
  155  12:51  Roach x2  
  155  12:54  Roach  
  155  12:56  Roach x3  
  161  13:01  Zergling x2  
  161  13:02  Zergling x2  
  158  13:06  Corruptor x2  
  158  13:09  Corruptor  
  155  13:17  Zergling x10  
  155  13:18  Zergling x6  
  155  13:19  Zergling x2  
Tags
 
Add a new tag
Caveats
  • Supply blocks, unpowered buildings, or Contaminate may cause inaccurate times.
  • Supply counts are checked every 10 seconds.